 Dungeon Crawl Stone Soup version 0.02-207-g49f19f9 (webtiles) character file.

Game seed: 1302029622160333309, levelgen mode: deterministic

70 Kalegnar the Magician (level 4, -2/38 HPs) Immature Draconian Demonspawn. Began on Nov 13, 2020. Slain by a sewer rat (4 damage) ... on level 1 of the Dungeon. The game lasted 00:05:10 (755 turns).

Kalegnar the Magician (DrDs)                         Turns: 755, Time: 00:05:11

Health: -2/38      AC:  6    Str: 18    XL:     4 ^: 95
Magic:  0/9        EV: 12    Int: 12    God:
Gold:   12         SH:  0    Dex: 10    Spells: 8/9 levels left

rFire    . . .     Vision   .     - Unarmed
rCold    . . .     Gourm    .     - Unarmed
rNeg     . . .     Faith    .   (armour unavailable)
rPois    .         Spirit   +   (helmet restricted)
rElec    .         Reflect  .   (no cloak)
rCorr    .         Harm     .   (no gloves)
MR       .....                  (no boots)
Stlth    ++........             g - amulet of the acrobat
HPRegen  0.22/turn              (no ring)
MPRegen  0.19/turn              (no ring)

@: short of breath
A: no body armour, unfitting armour, magic shield, cold-blooded, AC +6
a: Breathe Dart


You were on level 1 of the Dungeon.
You were hungry.

You visited 1 branch of the dungeon, and saw 2 of its levels.

You collected 12 gold pieces.

Inventory:

Jewellery
 g - an amulet of the acrobat (around neck)
Scrolls
 c - a scroll of bless item
 d - a scroll of fog
Potions
 a - a potion of cancellation
 e - a potion of agility
Comestibles
 b - 2 rations
 f - a chunk of flesh


   Skills:
 + Level 3.2 Fighting
 + Level 2.8 Dodging
 - Level 1.3 Stealth
 + Level 2.3 Unarmed Combat
 + Level 3.4 Spellcasting
   Level 3.0 Invocations


You had 8 spell levels left.
You knew the following spells:

 Your Spells              Type           Power        Failure   Level  Hunger
a - Flame Tongue          Fire           2 (30)       24%         1    #......

Your spell library contained the following spells:

 Spells                   Type           Power        Failure   Level  Hunger
 Blink                    Tloc           N/A          34%         2    ##.....
 Call Imp                 Summ           2 (100)      34%         2    ##.....
 Slow                     Hex            2 (100)      34%         2    ##.....
 Conjure Flame            Fire           2 (100)      56%         3    ###....
 Mephitic Cloud           Pois/Air       2 (100)      56%         3    ###....


Dungeon Overview and Level Annotations

Branches:
Dungeon (2/8)

Altars:


Innate Abilities, Weirdness & Mutations

You cannot fit into any form of body armour.
Your plain brown scales are hard. (AC +6)
You can breathe rudimentary magical darts.
When hurt, damage is shared between your health and your magic reserves.
You are cold-blooded and may be slowed by cold attacks.


Message History

The sewer rat barely misses you (0).
You closely miss the sewer rat. x2
You closely miss the sewer rat. You miss the sewer rat.
The sewer rat closely misses you (0). The sewer rat bites you (1).
* * * LOW HITPOINT WARNING * * *
The sewer rat barely misses you (0).
You barely miss the sewer rat. You hit the sewer rat but do no damage.
The sewer rat is severely wounded. (3/11) HP You miss the sewer rat.
You hit the sewer rat (1).
You tail-slap the sewer rat, but do no damage.
The sewer rat is almost dead. (2/11) HP The sewer rat barely misses you (0).
The sewer rat closely misses you (0). The sewer rat barely misses you (0).
You barely miss the sewer rat. You hit the sewer rat but do no damage.
The sewer rat is almost dead. (2/11) HP You hit the sewer rat but do no damage.
You closely miss the sewer rat.
You tail-slap the sewer rat, but do no damage.
The sewer rat is almost dead. (2/11) HP The sewer rat bites you (5).
You die...

#......##.÷........#
#.....###..#...#####
#....[..b......#
##'#########..[# #.#
#......#
#.######.##.÷##
#............#
#########.#####r#
#.# #.#...r@# #.#
###.#.###r### #.#
#...#.###...# #.#
#.###.......#
#.#####.# ###.÷...#
#.#....[# #.###.#
#.#.##### #.# #.#
#...# #.# #.# #####
#.# #.#


You could see 3 submerged sewer rats.

Vanquished Creatures
  A sewer rat (D:2)
  2 cinder newts
  An ooze (D:2)
  A dart slug (D:1)
  7 goblins (D:1)
  11 hobgoblins (D:1)
  6 kobolds (D:1)
  A ball python (D:1)
  A ball python skeleton (D:2)
  5 bats
  A bat skeleton (D:2)
  4 rats (D:1)
41 creatures vanquished.

Vanquished Creatures (others)
  A sewer rat (D:2)
  A leopard gecko (D:2)
  41 withered plants (D:2)
43 creatures vanquished.

Grand Total: 84 creatures vanquished

Notes
Turn   | Place    | Note
-------+----------+-------------------------------------------
     0 | D:1      | Kalegnar the Immature Draconian Demonspawn began the quest
                  | for the Orb.
     0 | D:1      | Reached XP level 1. HP: 18/18 MP: 4/4
   113 | D:1      | Gained mutation: When hurt, damage is shared between your
                  | health and your magic reserves. [demonic ancestry]
   113 | D:1      | Reached XP level 2. HP: 20/25 MP: 3/5
   292 | D:1      | Reached XP level 3. HP: 29/30 MP: 5/7
   711 | D:2      | Reached XP level 4. HP: 38/38 MP: 7/9
   755 | D:1      | Slain by a sewer rat

Levels and vault maps discovered:
D:1:      minmay_arrival_wavy_path, layout_basic
D:2:      layout_sewer, old_standard_altar, old_standard_altar, minitemple

Skill      XL: |  1  2  3 |
---------------+----------+-----
Unarmed Combat | 2 |  2.3
Spellcasting   | 3 |  3.4
Fighting       | 3 |  3.2
Dodging        | |  2.8
Stealth        | |  1.3
Invocations    | |  3.0

Action                   |  1- 3 |  4- 6 || total
-------------------------+-------+-------++-------
Melee: Unarmed           |   231 |    72 ||   303
       Tailslap          |    18 |     6 ||    24
Throw: Stone             |     1 |       ||     1
       Rusty metal       |     1 |       ||     1
       Bone              |     1 |       ||     1
 Cast: Flame Tongue      |     3 |     3 ||     6
 Abil: Breathe Dart      |     1 |     1 ||     2
 Stab: Sleeping          |     2 |       ||     2
Armor: Skin              |    31 |     5 ||    36
Dodge: Dodged            |    75 |    36 ||   111
